AoeStats
← Zelda Ocarina of TIme

MegaRandom

510212464Analyzed
2v2 RM · 4d ago on Sep 30, 2026· 43m 59s· 4 players
Game mode
Random Map
Map size
Medium (4 player)
Population
200
Speed
Normal
Resources
Standard
Victory
Conquest
Starting age
Dark Age
Ending age
Imperial Age
RankedLock teamsTeams togetherTeam positionsShared explorationLock speedFull tech treeHidden civsTurbo modeCheats
Victory
Defeat
🇧🇷 Varangians · Brazil
1511
+17
🇧🇷 Mongols · Brazil
1485
+19
🇧🇷 Georgians · Brazil
1550
-18
🇧🇷 Britons · Brazil
1535
-18
Fs.ShaDoWn
5:07 Loom
12:41 Feudal Age
15:46 Double-Bit Axe
18:26 Castle Age
19:25 Bow Saw
20:36 Town Watch
21:43 Horse Collar
22:46 Heavy Plow
23:19 Scale Barding Armor
23:31 Husbandry
27:08 Wheelbarrow
27:17 Light Cavalry
28:07 Bloodlines
33:08 Imperial Age
31:17 Chain Barding Armor
32:15 Forging
32:35 Hand Cart
32:41 Vendel Legacy
33:21 Cavalier
35:46 Plate Barding Armor
35:58 Iron Casting
37:26 Fletching
37:36 Padded Archer Armor
38:37 Two-Man Saw
38:02 Elite Skirmisher
38:39 Bodkin Arrow
39:31 Bracer
39:54 Leather Archer Armor
41:53 Ring Archer Armor
42:24 Blast Furnace
43:14 Chemistry
42:34 Ballistics
43:58 Masonry
Zelda Ocarina of TIme
5:49 Loom
12:32 Feudal Age
16:57 Castle Age
15:37 Double-Bit Axe
24:15 Horse Collar
25:46 Scale Barding Armor
26:22 Husbandry
29:41 Forging
29:49 Heavy Plow
31:02 Bloodlines
31:01 Town Watch
31:13 Gold Mining
31:59 Chain Barding Armor
35:12 Iron Casting
37:58 Fletching
38:09 Padded Archer Armor
38:50 Bodkin Arrow
41:00 Wheelbarrow
41:03 Ballistics
41:27 Bow Saw
42:39 Leather Archer Armor
GAX | Kareca
7:10 Loom
11:59 Feudal Age
12:58 Town Watch
16:25 Castle Age
15:14 Double-Bit Axe
21:59 Wheelbarrow
22:34 Sanctity
28:33 Horse Collar
29:06 Bow Saw
28:47 Gold Mining
28:48 Stone Mining
33:30 Imperial Age
30:39 Pikeman
31:21 Squires
32:36 Hand Cart
32:58 Scale Mail Armor
34:01 Chain Mail Armor
33:35 Halberdier
34:25 Arson
34:46 Heavy Plow
35:57 Plate Mail Armor
35:57 Ballistics
35:47 Fortified Wall
35:30 Guard Tower
36:01 Svan Towers
36:36 Forging
36:16 Fletching
41:33 Iron Casting
40:53 Bodkin Arrow
GAX | SãoPauloFC
5:45 Loom
14:04 Feudal Age
19:01 Castle Age
16:54 Double-Bit Axe
19:44 Fletching
29:35 Bow Saw
29:53 Crossbowman
37:18 Wheelbarrow
41:13 Bodkin Arrow
42:55 Ballistics
43:20 Hand Cart
Connection lost

Rejoining the realm…

Still unreachable

The connection could not be restored.

Session expired

The server has moved on; the page needs a fresh start.